 Adventure DCSS version bcrawl-1.27.3 (webtiles) character file.

Game seed: 18138236962641202513

101834 galech the Skirmisher (level 2, 9/24 HPs)
             Began as a Demonspawn Fighter on Aug 3, 2020.
             Quit the game on level 1 of the Dungeon.
             The game lasted 00:00:19 (188 turns).

galech the Skirmisher (Demonspawn Fighter)           Turns: 188, Time: 00:00:20

Health: 9/24       AC:  6    Str: 16    XL:     2   Next: 3%
Magic:  2/2        EV:  4    Int:  9    God:
Gold:   14         SH:  8    Dex: 12    Spells: 1/1 levels left
                                        Lives:  2   Deaths: 0

rFire    . . .     SeeInvis .   a - +0 war axe
rCold    . . .     Gourm    .   c - +0 medium shield
rNeg     . . .     Faith    .   b - +0 scale mail
rPois    .         Spirit   .   (no helmet)
rElec    .         Reflect  .   (no cloak)
rCorr    .         Harm     .   (no gloves)
MR       .....                  (no boots)
Stlth    +.........             (no amulet)
HPRegen  0.08/turn              (no ring)
MPRegen  0.08/turn              (no ring)

@: no status effects
A: nightstalker 1
a: no special abilities


You were on level 1 of the Dungeon.
You were not hungry.

You visited 1 branch of the dungeon, and saw 1 of its levels.

You collected 14 gold pieces.

Inventory:

Hand Weapons
 a - a +0 war axe (weapon)
Armour
 b - a +0 scale mail (worn)
 c - a +0 medium shield (worn)
Scrolls
 f - a scroll of fear {unknown}
Potions
 d - a potion of might
Comestibles
 e - a ration {!d}
 g - 8 chunks of flesh


   Skills:
 + Level 3.1 Fighting
 + Level 1.7 Axes
 + Level 3.0 Armour
 + Level 2.8 Shields


You had one spell level left.
You didn't know any spells.
Your spell library was empty.

Dungeon Overview and Level Annotations

Branches:
Dungeon (1/12)

Altars:


Innate Abilities, Weirdness & Mutations

You are slightly more attuned to the shadows.


Message History

You are too injured to fight recklessly!
The frilled lizard hisses angrily.
The giant cockroach bites you but does no damage.
You hit the giant cockroach.
The giant cockroach is severely wounded.
You block the giant cockroach's attack.
You hit the giant cockroach but do no damage.
The giant cockroach is severely wounded.
You block the giant cockroach's attack. The giant cockroach bites you.
You hit the giant cockroach but do no damage.
The giant cockroach is severely wounded.
The giant cockroach bites you. You block the giant cockroach's attack.
You hit the giant cockroach.
You kill the giant cockroach!
Your Armour skill increases to level 3!
You have reached level 2!
Your demonic ancestry asserts itself...
You slip into the darkness of the dungeon.
You block the hobgoblin's attack.
Are you sure you want to abandon this character and quit the game? (Confirm with "yes".)

#### #... ##..#
###...#$#.#
###########.........%
..
.......÷...lw..##...#
...########.##K#..# .
#.#.........#g#.g#
#...........#@#.w..
##....[.....#.#..l..
#..........#.#.......
##.........#.#.....#.
#........##.#.....#
##.÷.....##.#
####.......##.#
#..........##?#
#.##..##.#.##.


You could see a dart slug, a hobgoblin, a kobold and a frilled lizard.

Vanquished Creatures
  A ball python (D:1)
  A bat (D:1)
  2 giant cockroaches (D:1)
  A goblin (D:1)
  A hobgoblin (D:1)
  A frilled lizard (D:1)
7 creatures vanquished.

Notes
Turn   | Place    | Note
-------+----------+-------------------------------------------
     0 | D:1      | galech the Demonspawn Fighter began the quest for the Orb.
     0 | D:1      | Reached XP level 1. HP: 18/18 MP: 1/1
     2 | D:1      | Noticed a ghoul
     2 | D:1      | Noticed an ogre
     4 | D:1      | Noticed an elf
     6 | D:1      | Noticed a halfling
     6 | D:1      | Noticed a troll
     8 | D:1      | Noticed a centaur
     8 | D:1      | Noticed a merfolk
    10 | D:1      | Noticed an octopode
    10 | D:1      | Noticed a tengu
    13 | D:1      | Noticed a spriggan
    13 | D:1      | Noticed a draconian
    15 | D:1      | Noticed a vampire
    17 | D:1      | Noticed a demigod
    19 | D:1      | Noticed a vine stalker
    19 | D:1      | Noticed a naga
    21 | D:1      | Noticed a gargoyle
    21 | D:1      | Noticed a dwarf
    23 | D:1      | Noticed a demonspawn
    23 | D:1      | Noticed a felid
    25 | D:1      | Noticed a formicid
    27 | D:1      | Noticed a human
    27 | D:1      | Noticed a minotaur
   187 | D:1      | Gained mutation: You are slightly more attuned to the
                  | shadows. [demonic ancestry]
   187 | D:1      | Reached XP level 2. HP: 9/24 MP: 2/2
   188 | D:1      | Quit the game

Skill      XL: |  1 |
---------------+----+-----
Armour         | 3 |  3.0
Fighting       | |  3.1
Axes           | |  1.7
Shields        | |  2.8

Action                   || total
-------------------------++-------
Melee: War axe           ||    25
Armor: Scale mail        ||    21
Dodge: Dodged            ||     6
Block: Medium shield     ||    18
